Map: Ley Lines

Players

KimChiLoVer - Winner!

  • Race: Terran Terran
  • Spawn Location: 1:00

A.I. 1 (Elite)

  • Race: Terran Terran
  • Spawn Location: 7:00

VOD

Have the link to the VOD?

Description

Time

  • Played on: Aug. 9, 2025, 10:53 a.m.
  • Length: 9:56
Show
View Real Time Build Order
Export as new Build Order

KimChiLoVer Terran - Winner!

Build Orders: Reaper Expand 

Get SALT Encoding   

  12  0:00  SCV  
  13  0:13  SCV  
  14  0:17  Supply Depot  
  14  0:25  SCV  
  15  0:39  SCV  
  15  0:40  Barracks  
  16  0:43  Refinery  
  16  0:51  SCV  
  17  1:03  SCV  
  18  1:15  SCV  
  19  1:27  Reaper  
  19  1:28  Orbital Command  
  20  1:39  Command Center  
  20  1:48  Supply Depot  
  20  1:54  SCV  
  20  1:59  Marine  
  22  2:04  Factory  
  22  2:08  Refinery  
  22  2:10  SCV  
  23  2:22  Barracks Reactor  
  23  2:23  SCV  
  24  2:35  SCV  
  25  2:43  Command Center  
  25  2:54  Factory Tech Lab  
  25  2:56  Barracks  
  25  2:59  SCV  
  26  3:08  Orbital Command  
  26  3:21  Barracks  
  26  3:22  Factory Reactor, SCV  
  27  3:34  SCV  
  28  3:37  Starport  
  28  3:38  SCV  
  29  3:43  Marine x2  
  29  3:46  SCV  
  32  3:50  Supply Depot, SCV  
  32  3:55  Stimpack  
  33  4:08  Factory Tech Lab  
  33  4:09  SCV  
  34  4:18  Engineering Bay  
  34  4:19  Engineering Bay, Marine x4  
  34  4:23  Medivac  
  40  4:27  Medivac  
  40  4:29  SCV  
  40  4:30  SCV  
  44  4:32  SCV  
  44  4:37  Barracks  
  45  4:44  SCV  
  45  4:45  Barracks  
  46  4:48  Orbital Command  
  46  4:57  Siege Tank  
  49  5:01  Terran Infantry Weapons Level 1  
  49  5:08  SCV x2  
  49  5:09  Refinery  
  49  5:13  Refinery  
  51  5:17  Marine x2  
  51  5:20  SCV  
  51  5:21  SCV, Barracks Reactor  
  55  5:28  SCV  
  56  5:33  SCV  
  56  5:34  Combat Shield  
  56  5:35  Supply Depot  
  57  5:36  Armory  
  57  5:37  Marauder  
  57  5:39  SCV  
  57  5:40  SCV  
  61  5:45  SCV  
  61  5:46  Marine x4  
  66  5:51  SCV  
  66  5:54  SCV  
  68  5:57  SCV  
  68  5:58  Marauder  
  68  5:59  Marine x2  
  68  6:02  Terran Infantry Armor Level 1  
  68  6:04  SCV, Marine x3  
  77  6:15  Supply Depot  
  77  6:17  Marine x3, SCV x3  
  83  6:19  Supply Depot, Marine  
  83  6:20  Supply Depot  
  84  6:29  SCV  
  84  6:32  Supply Depot  
  85  6:37  Medivac, SCV x2, Siege Tank  
  92  6:41  SCV  
  92  6:42  Barracks  
  92  6:45  Barracks  
  93  6:49  SCV x2  
  95  6:58  Refinery  
  95  6:59  Refinery  
  95  7:01  SCV  
  95  7:02  Command Center  
  95  7:07  Barracks, Terran Infantry Weapons Level 2  
  93  7:13  SCV  
  93  7:15  Marauder, Marine  
  87  7:17  Barracks Tech Lab x2  
  87  7:19  Concussive Shells  
  85  7:25  SCV  
  85  7:27  SCV  
  87  7:33  Barracks Tech Lab  
  87  7:34  Barracks Tech Lab  
  87  7:37  SCV  
  87  7:42  Marauder x3, Marine x4  
  98  7:44  Medivac x2  
  98  7:48  Starport, Terran Vehicle And Ship Armor Level 1  
  98  7:49  SCV  
  103  7:53  SCV x2  
  103  7:56  Barracks Reactor  
  103  7:57  Marauder  
  103  7:58  Marauder  
  109  8:00  Marine x4  
  109  8:02  SCV  
  109  8:03  Marauder  
  109  8:05  SCV  
  117  8:14  Marauder x2, SCV  
  117  8:17  Supply Depot  
  117  8:18  Marine x3  
  117  8:19  Marauder  
  127  8:24  Marine  
  127  8:25  Marauder x2  
  132  8:34  Starport Reactor  
  132  8:37  Marine x2  
  132  8:38  Siege Tank  
  137  8:41  Supply Depot  
  137  8:44  Supply Depot  
  137  8:45  Marine  
  137  8:46  Marauder x2, Marine x2  
  144  8:54  Marauder, Marine x2  
  148  9:02  Marauder, Supply Depot, Viking x2, Marine x2  
  156  9:03  Marine x3  
  156  9:05  Supply Depot  
  156  9:07  Orbital Command  
  159  9:10  SCV x2  
  125  9:34  SCV x2  
  125  9:35  SCV x2  
  137  9:45  Supply Depot  
  141  9:46  Supply Depot  
Show
View Real Time Build Order
Export as new Build Order

A.I. 1 (Elite) Terran 

Build Orders:  

Get SALT Encoding   

  12  0:00  SCV  
  13  0:13  SCV  
  14  0:18  Supply Depot  
  14  0:25  SCV  
  15  0:40  SCV  
  16  0:44  Barracks  
  16  0:52  SCV  
  17  1:04  SCV  
  18  1:16  Supply Depot, SCV  
  19  1:22  Refinery  
  19  1:28  SCV  
  19  1:31  Marine  
  21  1:40  SCV  
  22  1:48  Marine  
  22  1:52  Barracks, SCV  
  24  1:55  Refinery  
  24  2:02  Supply Depot  
  24  2:04  SCV  
  24  2:06  Marine  
  26  2:16  SCV  
  27  2:24  Marine  
  27  2:25  Factory  
  27  2:28  SCV  
  29  2:39  Marine  
  29  2:40  SCV  
  29  2:42  Marine  
  32  2:53  SCV  
  32  2:57  Marine  
  34  3:00  Marine  
  34  3:04  Barracks  
  34  3:05  SCV  
  36  3:14  Marine  
  36  3:17  SCV  
  36  3:18  Barracks Tech Lab  
  38  3:27  Starport, Factory Tech Lab  
  38  3:29  SCV  
  38  3:30  Supply Depot  
  38  3:33  Barracks Tech Lab  
  39  3:51  Marine x2  
  39  3:52  SCV  
  42  3:56  Stimpack  
  42  4:00  Combat Shield  
  42  4:03  Marine  
  42  4:04  SCV  
  44  4:10  Marine  
  44  4:16  SCV  
  46  4:28  SCV  
  46  4:31  Supply Depot  
  47  4:52  Medivac, Marine x3, SCV  
  53  4:54  Supply Depot  
  53  5:04  SCV  
  54  5:15  Engineering Bay, Barracks Reactor  
  54  5:16  Siege Tank, Marauder, SCV  
  54  5:21  Marauder  
  62  5:23  Supply Depot  
  62  5:24  Command Center  
  62  5:28  SCV  
  63  5:41  Terran Infantry Armor Level 1  
  63  5:45  Marauder  
  65  5:51  Supply Depot  
  65  5:55  Marauder  
  67  6:07  Marauder  
  67  6:08  Engineering Bay  
  69  6:16  Marauder  
  71  6:19  Supply Depot  
  71  6:28  Marauder  
  71  6:32  Siege Tank  
  76  6:33  Terran Infantry Weapons Level 1  
  76  6:37  SCV  
  76  6:38  Marauder, SCV  
  80  6:49  SCV  
  80  6:50  SCV  
  73  7:02  SCV x2  
  73  7:04  Marauder  
  73  7:07  Marine  
  60  7:10  Marine  
  60  7:13  Marine  
  60  7:14  SCV  
  46  7:25  Marine  
  46  7:26  Marauder  
  46  7:29  Marine  
  50  7:31  Marine  
  51  7:42  SCV  
  51  7:43  Marine, SCV  
  54  7:47  Marauder, Marine  
  54  7:49  Marine  
  58  7:54  SCV  
  58  7:55  SCV  
  60  8:00  Marine  
  61  8:06  SCV  
  61  8:07  SCV  
  63  8:14  Marauder  
  63  8:18  SCV  
  63  8:19  Orbital Command, Marauder  
  68  8:21  Marine  
  68  8:23  Marine  
  70  8:30  SCV  
  71  8:35  Marauder  
  71  8:40  Marauder  
  75  8:47  Concussive Shells, Marine x2  
  75  8:48  Siege Tank  
  80  8:56  Marauder  
  82  9:03  Command Center  
  82  9:14  Supply Depot  
  77  9:17  Marauder  
  77  9:18  Marine  
  77  9:20  Siege Tank, Marine  
  77  9:22  Marine  
  55  9:36  SCV, Marine  
Tags
 
Matchup
TvT
Race
Terran
Spawn Locations
Cross Positions
Add a new tag
Caveats
  • Supply blocks, unpowered buildings, or Contaminate may cause inaccurate times.
  • Supply counts are checked every 10 seconds.